 Dungeon Crawl Stone Soup version 0.16-a0-3939-g9a3e665 (webtiles) character file.

50895 PolkaDot the Summoner (level 14, -2/115 HPs)
             Began as a Vampire Summoner on Feb 6, 2015.
             Was a High Priest of Sif Muna.
             Killed from afar by a frost giant (9 damage)
             ... with a bolt of cold
             ... in an ice cave.
             The game lasted 02:10:36 (28048 turns).

PolkaDot the Summoner (Vampire Summoner)           Turns: 28048, Time: 02:10:36

Health: -2/115     AC: 10    Str:  7    XL:     14   Next: 21%
Magic:  6/20       EV: 12    Int: 21    God:    Sif Muna [*****.]
Gold:   1687       SH:  0    Dex: 18    Spells: 5 memorised, 2 levels left

rFire  . . .     SeeInvis +     e - +2 rapier (drain)
rCold  + + +     Clarity  .     k - +1 troll leather armour
rNeg   + + .     SustAb   .     (no shield)
rPois  .         Gourm    .     d - +0 helmet {rF+}
rElec  .         Spirit   .     T - +0 cloak of the Hanged Man {rC+ rN+ Slay+3}
rCorr  .         Warding  +     l - +2 pair of gloves {archery}
rMut   .         Stasis   .     (no boots)
MR     +....                    s - amulet of warding
Stlth  ++++++++..               O - ring of ice
                                c - ring of stealth

@: exhausted, very slightly contaminated, regenerating very quickly, slowed,
very slow, somewhat resistant to hostile enchantments, extraordinarily stealthy
A: bottle blood, fangs 3, talons 1, thin skeletal structure 1, see invisible,
agile 1, cold resistance 2, unbreathing
a: Channel Energy, Forget Spell, Renounce Religion


You were in an ice cave.
You worshipped Sif Muna.
Sif Muna was extremely pleased with you.
You were almost alive.

You visited 3 branches of the dungeon, and saw 22 of its levels.
You also visited: Ossuary, Bailey, Ice Cave and Volcano.

You collected 1907 gold pieces.
You spent 220 gold pieces at shops.

Inventory:

Hand weapons
 e - a +2 rapier of draining (weapon)
 L - a +4 scimitar of flaming
Missiles
 i - 4 throwing nets (quivered)
Armour
 d - a +0 helmet of fire resistance (worn)
 k - a +1 troll leather armour (worn)
 l - a +2 pair of gloves of archery (worn)
 T - the +0 cloak of the Hanged Man (worn) {rC+ rN+ Slay+3}
   (You acquired it on level 5 of the Lair of Beasts)

   It affects your accuracy and damage with ranged weapons and melee attacks
   (+3).
   It protects you from cold.
   It protects you from negative energy.
Jewellery
 c - a ring of stealth (left hand)
 s - an amulet of warding (around neck)
 A - an uncursed amulet of stasis
 O - a ring of ice (right hand)
Magical devices
 j - a wand of fire (0)
 o - a wand of enslavement (0)
 p - a wand of slowing (29)
 r - a wand of fireball (0)
 x - a wand of lightning (0)
 y - a wand of frost (31)
 E - a wand of slowing (16)
 F - a wand of random effects (23)
 P - a wand of polymorph (2)
 R - a wand of teleportation (4)
 S - a wand of magic darts (30)
Scrolls
 a - 4 scrolls of amnesia
 f - 9 scrolls of remove curse
 m - a scroll of torment
 n - 6 scrolls of teleportation
 q - a scroll of immolation
 u - a scroll of recharging
 w - 3 scrolls of enchant weapon
 G - a scroll of vulnerability
 I - 2 scrolls of enchant armour
 J - 9 scrolls of identify
 K - 3 scrolls of fog
 Q - a scroll of fear
Potions
 h - 3 potions of brilliance
 t - 2 potions of restore abilities
 v - 45 potions of blood {@*1}
 z - a potion of magic
 C - a potion of berserk rage
 D - 2 potions of cure mutation {!q}
Books
 b - a book of Callings

   Spells                             Type                      Level
   a - Summon Small Mammal            Summoning                    1
   b - Call Imp                       Summoning                    2
   c - Call Canine Familiar           Summoning                    3
   d - Summon Guardian Golem          Hexes/Summoning              4
   e - Summon Lightning Spire         Summoning/Air                4
   f - Summon Ice Beast               Ice/Summoning                4
 g - a book of Control

   Spells                             Type                      Level
   a - Control Teleport               Charms/Translocation         4
   b - Control Undead                 Necromancy                   4
   c - Enslavement                    Hexes                        4
   d - Metabolic Englaciation         Hexes/Ice                    5
   e - Mass Confusion                 Hexes                        6
 B - a book of Minor Magic

   Spells                             Type                      Level
   a - Magic Dart                     Conjuration                  1
   b - Blink                          Translocation                2
   c - Call Imp                       Summoning                    2
   d - Repel Missiles                 Charms/Air                   2
   e - Slow                           Hexes                        2
   f - Conjure Flame                  Conjuration/Fire             3
   g - Mephitic Cloud                 Conjuration/Poison/Air       3


   Skills:
 - Level 12.2 Fighting
 * Level 8.2(8.4) Short Blades
 + Level 2.7(5.4) Long Blades
 - Level 2.4 Dodging
 - Level 13.0 Stealth
 - Level 2.0 Spellcasting
 - Level 7.7 Hexes
 + Level 14.4 Summonings
 - Level 5.0 Translocations
 - Level 6.6 Ice Magic


You had 2 spell levels left.
You knew the following spells:

 Your Spells              Type           Power        Failure   Level  Hunger
d - Call Canine Familiar  Summ           ######..     1%          3    ###....
g - Summon Guardian Gole  Hex/Summ       #####...     2%          4    #####..
i - Summon Ice Beast      Ice/Summ       ######..     2%          4    #####..
q - Blink                 Tloc           N/A          4%          2    ##.....
s - Call Imp              Summ           ######..     1%          2    ##.....


Dungeon Overview and Level Annotations

Branches:
Dungeon (15/15)            Temple (1/1) D:7            Lair (6/8) D:8
 Shoals (0/5) Lair:3        Snake (0/5) Lair:6          Orc (0/4) D:9
 Vaults (0/5) D:14         Depths (0/5) D:15
  Slime: Lair:6-8

Altars:
Ashenzari
Cheibriados
Dithmenos
Elyvilon
Fedhas
Gozag
Kikubaaqudgha
Makhleb
Nemelex Xobeh
Okawaru
Qazlal
Ru
Sif Muna
Trog
Vehumet
Xom
Yredelemnul
Zin
The Shining One

Shops:
D:5 ::


Innate Abilities, Weirdness & Mutations

Your natural rate of healing is extremely fast.
You can bottle blood from corpses.
You have razor-sharp teeth.
You have supernaturally acute eyesight.
You can survive without breathing.
You have sharp toenails.
You have a somewhat thin skeletal structure (Dex +2, Stealth).
You are agile. (Dex +2)
Your flesh is very cold resistant.


Message History

* * * LOW HITPOINT WARNING * * *
Evoke which item? (* to show all) (? for menu, Esc to quit)
Zapping:
x - a wand of lightning (will waste charges)
Press: ? - help, Shift-Dir - straight line, p - frost giant You hear a mighty clap of thunder!
The bolt of lightning hits the frost giant.
The frost giant is almost dead.
Evoking this partially-identified wand wasted a few charges.
The frost giant gestures at you while chanting.
The bolt of cold hits you! You resist.
* * * LOW HITPOINT WARNING * * *
The frost giant points at you and mumbles some strange words.
The bolt of cold misses you.
Evoke which item? (* to show all) (? for menu, Esc to quit)
Zapping:
x - a wand of lightning {zapped: 3} (will waste charges)
Press: ? - help, Shift-Dir - straight line Nothing appears to happen.
The frost giant gestures at you while chanting.
The bolt of cold hits you! You resist.
You die...

### ########## ##.#
#§§§##...########.#.⌠.# #####
#hh§##C..##...#..#.###.###≈≈≈≈≈
.Yhh##########..#..#######≈≈≈#
.hY# #..#####.≈≈#≈≈≈# .h#
##..##..≈#≈≈≈≈## ..
###@C.##≈≈≈#≈≈#### #
#####≈≈≈####≈≈.## #≈≈#≈≈≈≈
###..# ≈≈≈≈≈≈≈≈≈###..##
≈≈≈≈≈≈####..## ≈#≈≈## ###..# #
≈≈# ##...## # #..### # ##...#


You could see a frost giant.

Vanquished Creatures
  A hydra (Lair:4)
  A death yak (IceCv)
  An unseen horror (D:15)
  A giant orange brain (D:15)
  2 necromancers (D:14)
  Pikel (D:6)
  A wizard (D:14)
  A lindwurm (Lair:5)
  A cyclops (D:11)
  3 griffons
  Maurice (D:13)
  2 centaur zombies (D:10)
  3 spiny frogs
  An efreet (Volcano)
  2 fire drakes
  4 komodo dragons
  A tengu conjurer (D:15)
  A guardian golem (D:10)
  12 polar bears (IceCv)
  A raven (D:15)
  A basilisk (Lair:4)
  34 yaks
  A wyvern (D:9)
  5 deep elf magi
  2 humans (D:14)
  4 hippogriffs
  3 hungry ghosts
  Grum (D:9)
  A steam dragon (Lair:5)
  A warg (D:10)
  3 orc warriors
  6 porcupines
  3 water moccasins
  18 wolves
  8 ice beasts
  2 sky beasts
  2 black bears
  4 centaurs
  7 ogres
  A boring beetle (Lair:3)
  6 crocodiles
  13 giant frogs
  A brain worm (Lair:5)
  2 big kobolds
  A scorpion (D:8)
  A goliath beetle (D:6)
  4 wights (D:10)
  An electric eel (Lair:6)
  8 killer bees
  A giant frog zombie (D:6)
  A quasit (D:15)
  2 crimson imps
  6 hounds
  A giant frog skeleton (D:10)
  6 iguanas
  2 jellies
  3 centaur skeletons
  7 orc priests
  4 orc wizards
  11 worker ants
  7 sheep
  2 mummies (Ossuary)
  A worker ant zombie (D:7)
  18 adders
  9 gnolls
  28 river rats
  2 giant mites
  2 shadow imps
  A worm (D:4)
  An adder zombie (Ossuary)
  An adder skeleton (D:8)
  9 giant geckos
  2 oozes
  32 orcs
  15 bats
  A bat zombie (D:6)
  5 giant cockroaches
  15 goblins
  19 hobgoblins
  16 jackals
  8 quokkas
  5 giant newts
  A giant spore (D:5)
  A goblin zombie (Ossuary)
  A hobgoblin zombie (Ossuary)
  19 kobolds
  2 kobold zombies (Ossuary)
  2 quokka zombies
  13 rats
  A rat zombie (Ossuary)
  5 ballistomycetes
473 creatures vanquished.

Vanquished Creatures (collateral kills)
  2 vault guards (D:14)
  A centaur warrior (D:15)
  4 hydras
  Erica (Lair:4)
  2 ogre magi (D:12)
  2 death yaks (IceCv)
  2 unseen horrors
  8 hill giants
  10 ugly things
  An orc knight (Bailey)
  2 manticores (D:12)
  An oklob plant (Lair:4)
  3 cyclopes (D:12)
  An octopode (shapeshifter) (D:15)
  A centaur zombie (D:13)
  A black mamba (Lair:5)
  3 gargoyles
  A kobold demonologist (D:13)
  5 spiny frogs
  2 yaktaurs (D:14)
  A komodo dragon (Lair:1)
  A komodo dragon (shapeshifter) (D:13)
  3 trolls
  2 polar bears
  A troll (shapeshifter) (D:15)
  2 ravens (D:15)
  6 slime creatures (D:15)
  A trapdoor spider zombie (D:13)
  2 deep elf magi (D:12)
  5 blink frogs (Lair:2)
  A centaur simulacrum (D:15)
  2 wyverns
  A spriggan (shapeshifter) (D:15)
  14 humans (D:14)
  A vampire (D:14)
  Eustachio (D:9)
  A hungry ghost (D:13)
  A shadow (D:14)
  3 hippogriffs
  A mottled dragon (D:12)
  8 wolves
  A fire elemental (Volcano)
  Edmund (D:7)
  24 yaks
  A warg (Volcano)
  4 water moccasins
  8 orc warriors
  A spider (shapeshifter) (D:15)
  4 wandering mushrooms (D:10)
  2 necrophages (D:12)
  A swamp drake (D:9)
  A phantom (D:4)
  4 centaurs
  5 ogres
  14 ice beasts
  A crocodile (Lair:1)
  4 giant frogs
  2 big kobolds
  3 wyvern zombies
  4 killer bees (D:13)
  7 wights
  A water moccasin skeleton (D:4)
  2 electric eels
  A goliath beetle (D:7)
  2 oklob saplings (D:10)
  4 crimson imps
  A giant frog zombie (D:12)
  3 hounds
  A giant frog skeleton (D:12)
  A human skeleton (D:14)
  A jelly (D:7)
  4 orc priests
  A worker ant (D:10)
  2 iguanas
  An iron imp (D:13)
  3 orc wizards
  11 sheep
  A big kobold zombie (Ossuary)
  A mummy (Ossuary)
  6 gnolls
  5 adders
  32 river rats
  A white imp (D:13)
  A giant mite (D:4)
  An adder zombie (Ossuary)
  3 giant geckos
  34 orcs
  2 bats (D:9)
  4 goblins
  4 hobgoblins
  A jackal (D:2)
  A ball python (shapeshifter) (D:15)
  A giant newt (D:1)
  3 giant spores
  A gnoll zombie (Ossuary)
  2 goblin zombies (Ossuary)
  2 hobgoblin zombies (Ossuary)
  11 kobolds
  3 kobold zombies (Ossuary)
  A quokka zombie (Ossuary)
  3 rats
  4 ballistomycetes
  A fungus (Lair:6)
  2 plants (Lair:6)
373 creatures vanquished.

Vanquished Creatures (others)
  2 rakshasas
  An ice dragon (Lair:6)
  An orc knight (Bailey)
  A polar bear (Lair:6)
  A fire vortex (Volcano)
  3 yaks (D:13)
  15 guardian golems
  A human (D:14)
  8 wargs
  54 wolves
  Blork the orc (D:6)
  76 ice beasts
  23 crimson imps
  15 hounds
  An orc wizard (D:8)
  4 shadow imps
  15 white imps
  A giant mite (D:6)
  An orc (D:5)
  A giant spore (D:13)
  A rat (D:6)
  A ballistomycete (D:5)
227 creatures vanquished.

Grand Total: 1073 creatures vanquished

Notes
Turn   | Place    | Note
--------------------------------------------------------------
     0 | D:1      | PolkaDot, the Vampire Summoner, began the quest for the Orb.
     0 | D:1      | Reached XP level 1. HP: 13/13 MP: 3/3
   236 | D:1      | Reached XP level 2. HP: 20/20 MP: 4/4
   496 | D:1      | Reached skill level 1 in Fighting
  1056 | D:2      | Reached XP level 3. HP: 21/26 MP: 6/6
  1060 | D:2      | Learned a level 2 spell: Call Imp
  1064 | D:2      | Learned a level 3 spell: Call Canine Familiar
  1169 | D:2      | Reached XP level 4. HP: 18/33 MP: 7/7
  1252 | D:2      | HP: 1/34 [gnoll/halberd (14)]
  1318 | D:2      | Found a white marble altar of Elyvilon.
  1423 | D:2      | Found a radiant altar of Vehumet.
  1679 | D:2      | Reached XP level 5. HP: 32/40 MP: 9/9
  2454 | D:3      | Reached skill level 5 in Stealth
  2636 | D:4      | Noticed a phantom
  2655 | D:4      | Killed a phantom
  2655 | D:4      | Reached XP level 6. HP: 46/48 MP: 2/10
  2674 | D:4      | Noticed an ogre
  2682 | D:4      | Killed an ogre
  2682 | D:4      | Reached skill level 5 in Summonings
  2718 | D:4      | Noticed an ogre
  2725 | D:4      | Killed an ogre
  2817 | D:4      | Found a sand-covered staircase.
  2826 | Ossuary  | Entered an ossuary
  3008 | Ossuary  | Reached skill level 6 in Stealth
  3548 | D:4      | Reached XP level 7. HP: 42/55 MP: 12/12
  3571 | D:4      | Learned a level 4 spell: Summon Ice Beast
  3619 | D:5      | Entered Level 5 of the Dungeon
  3812 | D:5      | Found a sacrificial altar of Ru.
  3930 | D:6      | Reached skill level 5 in Fighting
  4085 | D:6      | Noticed Pikel
  4110 | D:6      | Killed Pikel
  4110 | D:6      | Reached skill level 7 in Stealth
  4110 | D:6      | Reached XP level 8. HP: 15/63 MP: 13/13
  4237 | D:6      | Reached skill level 8 in Stealth
  4392 | D:6      | Found a shadowy altar of Dithmenos.
  4402 | D:6      | Killed Blork the orc
  5283 | D:6      | Found a shattered altar of Ashenzari.
  5571 | D:7      | You fall through a shaft for 3 floors!
  5571 | D:10     | Entered Level 10 of the Dungeon
  5653 | D:10     | Noticed a centaur zombie
  5674 | D:10     | Killed a centaur zombie
  5674 | D:10     | Reached skill level 9 in Stealth
  5674 | D:10     | Reached XP level 9. HP: 43/70 MP: 14/14
  6269 | D:10     | Reached skill level 10 in Stealth
  6306 | D:10     | Noticed a wandering mushroom
  6306 | D:10     | Noticed a wandering mushroom
  6464 | D:10     | Found a blossoming altar of Fedhas.
  6464 | D:10     | Noticed a wandering mushroom
  6464 | D:10     | Noticed a wandering mushroom
  6517 | D:10     | Killed a wandering mushroom
  6711 | D:10     | Killed a wandering mushroom
  6731 | D:10     | Killed a wandering mushroom
  6777 | D:10     | Killed a wandering mushroom
  6889 | D:10     | Noticed an unseen horror
  6897 | D:10     | Killed an unseen horror
  6897 | D:10     | Reached skill level 11 in Stealth
  6897 | D:10     | Reached skill level 10 in Summonings
  6915 | D:10     | Reached XP level 10. HP: 36/79 MP: 16/16
  7070 | D:9      | Noticed Grum
  8349 | D:8      | Found a staircase to the Lair.
  8453 | D:8      | Found a shimmering altar of Xom.
  8685 | D:8      | Found a glowing silver altar of Zin.
  9097 | D:7      | Found an opulent altar of Gozag.
  9116 | D:7      | Found a staircase to the Ecumenical Temple.
  9141 | D:7      | Noticed Edmund
  9158 | D:7      | Killed Edmund
  9188 | Temple   | Entered the Ecumenical Temple
  9453 | Temple   | Became a worshipper of Sif Muna the Loreminder
  9716 | D:7      | Found a sparkling altar of Nemelex Xobeh.
  9730 | D:7      | Found an iron altar of Okawaru.
 10010 | D:5      | Found Ihinauz's Book Boutique.
 10020 | D:5      | Found Haixzam's Book Shop.
 10053 | D:5      | Bought a book of Minor Magic for 220 gold pieces
 10349 | D:5      | Learned a level 4 spell: Summon Guardian Golem
 10684 | D:8      | Found a white marble altar of Elyvilon.
 10825 | D:9      | Reached skill level 1 in Ice Magic
 10890 | D:9      | Noticed an unseen horror
 11189 | D:9      | Killed an unseen horror
 11189 | D:9      | Acquired Sif Muna's first power
 11213 | D:9      | Found a staircase to the Orcish Mines.
 11228 | D:9      | Noticed Eustachio
 11236 | D:9      | Killed Eustachio
 11419 | D:9      | Found a snail-covered altar of Cheibriados.
 11489 | D:9      | Killed Grum
 11674 | D:9      | Reached XP level 11. HP: 79/87 MP: 17/17
 12030 | D:11     | Noticed a six-headed hydra
 12041 | D:11     | Killed a six-headed hydra
 12041 | D:11     | Reached skill level 5 in Ice Magic
 12222 | D:11     | Acquired Sif Muna's second power
 12377 | D:11     | Noticed a hill giant
 12389 | D:11     | Killed a hill giant
 12795 | D:12     | Noticed a four-headed hydra
 12803 | D:12     | Found a flagged portal.
 12814 | Bailey   | Entered a bailey
 13971 | D:12     | Reached skill level 1 in Hexes
 14225 | D:12     | Noticed an ogre mage
 14230 | D:12     | Killed a four-headed hydra
 14235 | D:12     | Killed an ogre mage
 14235 | D:12     | Reached skill level 12 in Summonings
 14455 | D:12     | Noticed a hill giant
 14466 | D:12     | Killed a hill giant
 14875 | D:12     | Noticed an ogre mage
 14884 | D:12     | Killed an ogre mage
 14884 | D:12     | Reached skill level 5 in Hexes
 15470 | D:12     | Noticed a hill giant
 15572 | D:12     | Killed a hill giant
 15692 | D:12     | Noticed a hill giant
 15700 | D:12     | Killed a hill giant
 15899 | D:12     | Reached XP level 12. HP: 29/97 MP: 2/18
 16290 | D:13     | Gained mutation: You are agile. (Dex +2) [potion of mutation]
 16290 | D:13     | Gained mutation: You have a somewhat thin skeletal structure (Dex +2, Stealth). [potion of mutation]
 16461 | D:13     | Learned a level 2 spell: Blink
 16615 | D:13     | Got a faintly humming leather armour
 16626 | D:13     | Identified the +2 leather armour of the Forgotten Lives {Int+2} (You found it on level 13 of the Dungeon)
 16647 | D:13     | Noticed a centaur zombie
 16649 | D:13     | Acquired Sif Muna's third power
 16657 | D:13     | Killed a centaur zombie
 16663 | D:13     | Found a blossoming altar of Fedhas.
 16706 | D:13     | Noticed Maurice
 16717 | D:13     | Killed Maurice
 16717 | D:13     | Reached skill level 1 in Translocations
 16728 | D:13     | Reached skill level 10 in Fighting
 17385 | D:14     | Found a burning altar of Makhleb.
 17908 | D:14     | Got a sheer robe
 17919 | D:14     | Identified the +0 robe of Demons {Int+3} (You found it on level 14 of the Dungeon)
 17954 | D:14     | Noticed a rakshasa
 18058 | D:14     | Killed a rakshasa
 18287 | D:14     | Noticed a vault guard
 18297 | D:14     | Noticed a vault guard
 18442 | D:14     | Killed a vault guard
 18741 | D:14     | Found a gate to the Vaults.
 18789 | D:14     | Reached skill level 13 in Summonings
 18921 | D:14     | Killed a vault guard
 19107 | D:15     | Entered Level 15 of the Dungeon
 19120 | D:15     | Noticed a centaur warrior
 19124 | D:15     | Killed a centaur warrior
 19526 | D:15     | Noticed a rakshasa
 19576 | D:15     | Killed a rakshasa
 19647 | D:15     | Found a staircase to the Depths.
 20014 | D:15     | Reached XP level 13. HP: 105/107 MP: 19/19
 20877 | Lair:1   | Entered Level 1 of the Lair of Beasts
 22116 | Lair:2   | Found a dark tunnel.
 22123 | Volcano  | Entered a volcano
 22528 | Lair:2   | Reached skill level 5 in Translocations
 23293 | Lair:3   | Reached skill level 1 in Short Blades
 23806 | Lair:3   | Found a staircase to the Shoals.
 24663 | Lair:4   | Noticed Erica
 24676 | Lair:4   | Killed Erica
 25063 | Lair:4   | Found a glowing golden altar of the Shining One.
 25628 | Lair:5   | Reached skill level 5 in Short Blades
 25655 | Lair:5   | Gained mutation: Your flesh is cold resistant. [potion of mutation]
 25655 | Lair:5   | Gained mutation: You have sharp toenails. [potion of mutation]
 25655 | Lair:5   | Gained mutation: Your flesh is very cold resistant. [potion of mutation]
 25799 | Lair:5   | Reached skill level 14 in Summonings
 26435 | Lair:5   | Identified a scroll of acquirement
 26448 | Lair:5   | Got an ancient cloak
 26459 | Lair:5   | Identified the +0 cloak of the Hanged Man {rC+ rN+ Slay+3} (You acquired it on level 5 of the Lair of Beasts)
 26829 | Lair:6   | Found a staircase to the Snake Pit.
 27086 | Lair:6   | Found a frozen archway.
 27195 | IceCv    | Entered an ice cave
 27507 | IceCv    | Reached skill level 1 in Long Blades
 27523 | IceCv    | Reached XP level 14. HP: 106/115 MP: 20/20
 27983 | IceCv    | Noticed a frost giant
 28048 | IceCv    | Killed from afar by a frost giant

Action                   |  1- 3 |  4- 6 |  7- 9 | 10-12 | 13-15 || total
-------------------------+-------+-------+-------+-------+-------++-------
Melee: Unarmed           |    15 |       |       |       |       ||    15
       Dagger            |   111 |   145 |   329 |   370 |       ||   955
       Spear             |       |   247 |    56 |       |       ||   303
       Rapier            |       |       |       |   422 |   786 ||  1208
       Scimitar          |       |       |       |       |     3 ||     3
 Cast: Summon Small Mamm |    13 |     1 |       |       |       ||    14
       Call Canine Famil |     1 |    10 |    18 |    85 |    27 ||   141
       Call Imp          |       |    20 |    17 |    80 |       ||   117
       Summon Ice Beast  |       |       |     1 |   217 |    97 ||   315
       Summon Guardian G |       |       |       |    26 |     5 ||    31
Invok: Channel Energy    |       |       |       |   615 |    80 ||   695
 Abil: End Transformatio |       |       |       |     1 |       ||     1
       Bat Form          |       |       |       |     1 |       ||     1
Evoke: Wand              |       |       |       |    11 |     8 ||    19
  Use: Potion            |     8 |    18 |    28 |   114 |    53 ||   221
       Scroll            |       |    10 |     4 |    19 |     8 ||    41
 Stab: Sleeping          |     7 |     9 |    10 |    32 |    41 ||    99
       Distracted        |     1 |     3 |     5 |     7 |     9 ||    25
       Invisible         |     3 |       |       |       |       ||     3
       Confused          |       |       |     1 |       |       ||     1
  Eat: Corpse            |     8 |       |       |    17 |     9 ||    34
